 Dungeon Crawl Stone Soup version 0.27-a0-1612-gde56a17b89 (webtiles) character file.

Game seed: 664765304732539828

4140 Sin92 the Carver (level 10, -1/79 HPs)
             Began as a Demonspawn Fighter on July 22, 2021.
             Splashed by an oklob plant's acid (13 damage)
             ... on level 6 of the Dungeon.
             The game lasted 00:08:15 (6550 turns).

Sin92 the Carver (Demonspawn Fighter)               Turns: 6550, Time: 00:08:16

Health: -1/79      AC: 13    Str: 16      XL:     10   Next: 7%
Magic:  0/10       EV: 10    Int:  8 (10) God:
Gold:   169        SH: 11    Dex: 16      Spells: 9/9 levels left

rFire    + . .     SeeInvis .   a - +1 long sword (flame)
rCold    . . .     Faith    .   c - +1 kite shield
rNeg     . . .     Spirit   +   d - +4 scale mail {rF+}
rPois    .         Reflect  .   j - +0 hat
rElec    .         Harm     .   i - scarf {repulsion}
rCorr    .         Rampage  .   (no gloves)
Will     .....                  (no boots)
Stlth    ..........             k - amulet of guardian spirit
HPRegen  0.23/turn              n - ring of flight
MPRegen  0.12/turn              (no ring)

@: flying, repel missiles
A: talons 2, icy blue scales 1, spiny 2, demonic magic 1
a: no special abilities


You were on level 6 of the Dungeon.
You visited 1 branch of the dungeon, and saw 6 of its levels.

You collected 169 gold pieces.

Inventory:

Hand Weapons
 a - a +1 long sword of flaming (weapon)
 e - a +3 whip
Armour
 b - a +0 scale mail
 c - a +1 kite shield (worn)
 d - a +4 scale mail of fire resistance (worn)
 i - a scarf of repulsion (worn)
 j - a +0 hat (worn)
 o - a +1 chain mail
Jewellery
 k - an amulet of guardian spirit (around neck)
 n - a ring of flight (left hand)
Wands
 u - a wand of digging (12)
 v - a wand of acid (9)
 w - a wand of charming (6)
Scrolls
 g - 4 scrolls of teleportation
 h - 4 scrolls of magic mapping
 p - 2 scrolls of identify
Potions
 f - a potion of haste
 l - 2 potions of cancellation
 m - 2 potions of flight
 q - 2 potions of degeneration
 s - 2 potions of mutation
 t - a potion of attraction
 x - a potion of ambrosia {unknown}
 z - a potion of might
 A - a potion of berserk rage {unknown}


   Skills:
 + Level 7.1 Fighting
 * Level 8.5 Long Blades
 + Level 5.6 Maces & Flails
 + Level 6.4 Armour
 + Level 5.6 Dodging
 + Level 6.5 Shields


You had 9 spell levels left.
You didn't know any spells.
Your spell library contained the following spells:

 Spells                   Type           Power      Damage    Failure   Level
 Magic Dart               Conj           0%         1d3       99%         1
 Call Imp                 Summ           0%         N/A       99%         2
 Mephitic Cloud           Conj/Pois/Air  0%         N/A       100%        3


Dungeon Overview and Level Annotations

Branches:
Dungeon (6/15)             Temple (0/1) D:6

Altars:
Ashenzari
Dithmenos
Kikubaaqudgha
Makhleb
Ru

Shops:
D:3 (*(*   D:6 (

Annotations:
D:6 1 runed translucent door, exclusion: oklob plant, Crazy Yiuf


Innate Abilities, Weirdness & Mutations

You have razor-sharp toenails.
You are partially covered in icy blue scales. (AC +2)
You are mostly covered in sharp spines.
Spells you cast may paralyse adjacent enemies.


Message History

The endoplasm quivers.
The endoplasm is struck by your spines.
You kill the endoplasm!
Really fly into a travel-excluded area?
The oklob plant spits acid at you. The splash of acid hits you.
You are splashed with acid!
The endoplasm quivers.
The oklob plant spits acid at you. You block the splash of acid.
The endoplasm freezes you.
You are frozen.
There is an open door here.
You completely miss the endoplasm. You block the endoplasm's attack.
You hit the endoplasm. You burn the endoplasm. You claw the endoplasm.
The endoplasm is severely wounded.
The endoplasm freezes you.
You are frozen.
You slash the endoplasm! You burn the endoplasm.
You kill the endoplasm!
The oklob plant spits acid at you.
The splash of acid is repelled.
You hit the oklob plant but do no damage.
You hit the oklob plant. You burn the oklob plant. You claw the oklob plant.
The oklob plant is lightly damaged.
The oklob plant spits acid at you. The splash of acid hits you!
You are splashed with acid!
You hit the oklob plant but do no damage.
The oklob plant is lightly damaged.
You hit the oklob plant but do no damage.
The oklob plant is lightly damaged.
The oklob plant spits acid at you. The splash of acid hits you.
You are splashed with acid!
* * * LOW HITPOINT WARNING * * *
Unknown command.
There is an open door here.
The oklob plant spits acid at you. The splash of acid hits you!
* * * LOW HITPOINT WARNING * * *
You are splashed with acid!
You die...

#.# #.#.................#
####.####(#..##.#####.#####.#
.<..............# #.# #.#
.......##.#..#### #.# #.#
.#####.##.#..# #.# #.# .#
#.####### #.# #.# .#
#<###...### ####.# #.# .#
###.......###....#####.###
########...P...'@.............#
.......#.....(.##.............#
####.#####...####......####.#.#
# #.############......# #>#.#
## #.................### #.#.#
.###.###.#########...# #.#.#
...#.# #.# ##.## ##.#.# .#.#.#
#.# ########.######....# ##.#.#
#.###................#.#


You could see an oklob plant.

Vanquished Creatures
  Grinder (D:5)
  Eustachio (D:4)
  Edmund (D:4)
  Menkaure (D:5)
  A water moccasin (D:6)
  Duvessa (D:5)
  An ice beast (D:5)
  2 sky beasts (D:6)
  2 necrophages
  4 ogres
  3 phantoms
  2 centaurs (D:6)
  Blork the orc (D:4)
  A scorpion (D:6)
  Dowan (D:5)
  A water moccasin skeleton (D:4)
  A wyvern skeleton (D:5)
  9 jellies
  A bullfrog zombie (D:6)
  A centaur zombie (D:3)
  2 hounds
  An orc priest (D:5)
  2 bullfrog skeletons (D:5)
  2 iguanas
  A hound skeleton (D:4)
  9 adders
  6 gnolls (D:5)
  A shadow imp (D:5)
  2 worms
  A dart slug (D:1)
  10 orcs
  19 endoplasms
  3 giant cockroaches
  6 goblins
  4 hobgoblins
  12 jackals
  4 quokkas
  6 ball pythons
  5 bats
  3 frilled lizards
  6 kobolds
  8 rats
149 creatures vanquished.

Vanquished Creatures (others)
  4 fungi (D:6)
4 creatures vanquished.

Grand Total: 153 creatures vanquished

Notes
Turn   | Place    | Note
-------+----------+-------------------------------------------
     0 | D:1      | Sin92 the Demonspawn Fighter began the quest for the Orb.
     0 | D:1      | Reached XP level 1. HP: 18/18 MP: 1/1
   123 | D:1      | Reached skill level 2 in Long Blades
   195 | D:1      | Gained mutation: You are partially covered in icy blue
                  | scales. (AC +2) [demonic ancestry]
   195 | D:1      | Reached XP level 2. HP: 24/24 MP: 2/2
   491 | D:1      | Found a faded altar of an unknown god.
   840 | D:2      | Gained mutation: You have sharp toenails. [demonic
                  | ancestry]
   840 | D:2      | Reached XP level 3. HP: 27/29 MP: 3/3
  1354 | D:2      | Gained mutation: You have razor-sharp toenails. [demonic
                  | ancestry]
  1354 | D:2      | Reached XP level 4. HP: 35/35 MP: 4/4
  1361 | D:2      | Found a sacrificial altar of Ru.
  1366 | D:2      | Reached skill level 1 in Dodging
  1954 | D:3      | Found Wesuef's Antique Weapon Shoppe.
  1957 | D:3      | Found Olosic's Assorted Antiques.
  2021 | D:3      | Found Ymot's Antique Armour Boutique.
  2062 | D:3      | Reached skill level 1 in Maces & Flails
  2114 | D:3      | Found Ceuclum's General Store.
  2318 | D:3      | Gained mutation: You are partially covered in sharp spines.
                  | [demonic ancestry]
  2318 | D:3      | Reached XP level 5. HP: 41/41 MP: 5/5
  2372 | D:3      | Found an ancient bone altar of Kikubaaqudgha.
  2450 | D:3      | Found Paug's Weapon Shop.
  2732 | D:4      | Noticed Eustachio
  2782 | D:4      | Killed Eustachio
  2783 | D:4      | Reached skill level 3 in Long Blades
  2783 | D:4      | Reached XP level 6. HP: 32/48 MP: 4/6
  2888 | D:4      | Found a broken altar of Ashenzari.
  3019 | D:4      | Noticed Edmund
  3034 | D:4      | Killed Edmund
  3415 | D:4      | Noticed Blork the orc
  3419 | D:4      | Gained mutation: Spells you cast may paralyse adjacent
                  | enemies. [demonic ancestry]
  3419 | D:4      | Reached XP level 7. HP: 54/54 MP: 7/7
  3429 | D:4      | Killed Blork the orc
  3430 | D:4      | Reached skill level 4 in Long Blades
  3719 | D:4      | Found a shadowy altar of Dithmenos.
  4281 | D:5      | Entered Level 5 of the Dungeon
  4385 | D:5      | Reached XP level 8. HP: 52/61 MP: 6/8
  4506 | D:5      | Noticed Menkaure
  4516 | D:5      | HP: 2/61 [Menkaure (3)]
  4517 | D:5      | Reached skill level 7 in Long Blades
  4517 | D:5      | Reached skill level 5 in Maces & Flails
  4517 | D:5      | Reached skill level 5 in Armour
  4517 | D:5      | Reached skill level 5 in Dodging
  4517 | D:5      | Reached XP level 9. HP: 3/71 MP: 1/9
  4517 | D:5      | Killed Menkaure
  5073 | D:5      | Reached skill level 8 in Long Blades
  5170 | D:5      | Noticed Duvessa
  5172 | D:5      | Noticed Dowan
  5183 | D:5      | Killed Duvessa
  5197 | D:5      | Killed Dowan
  5418 | D:5      | Noticed Grinder
  5428 | D:5      | Killed Grinder
  5568 | D:6      | Found Vilaem's Antique Weapon Boutique.
  6002 | D:6      | Found a runed translucent door.
  6003 | D:6      | Noticed Crazy Yiuf
  6071 | D:6      | Found a staircase to the Ecumenical Temple.
  6313 | D:6      | Found a burning altar of Makhleb.
  6349 | D:6      | Gained mutation: You are mostly covered in sharp spines.
                  | [demonic ancestry]
  6349 | D:6      | Reached XP level 10. HP: 79/79 MP: 10/10
  6451 | D:6      | Noticed an oklob plant
  6550 | D:6      | Splashed by an oklob plant's acid

Illustrated notes

Levels and vault maps discovered:
D:1:      matt_arrival_diagonals, layout_loops_ring,
          hellmonk_ecumenical_altar_inner_sanctum
D:2:      layout_rooms, basic_altar, minmay_pentomino_pile
D:3:      layout_basic, mainiacjoe_overflow_alcove_2, serial_shops,
          nicolae_shop_competitors_out_of_business,
          nicolae_shop_overgrown_old_shop, shop, shop_fountains, shop
D:4:      layout_basic, mainiacjoe_overflow_six_doors_small,
          mainiacjoe_overflow_chevrons, uniq_blork_the_orc, uniq_edmund,
          uniq_eustachio
D:5:      layout_gridville, uniq_grinder, uniq_menkaure, uniq_duvessa
D:6:      lemuel_slime, layout_loops_ring, mainiacjoe_overflow_paths,
          temple_doors_cd, serial_shops, shop, chequers_serial_rivers_micro_c,
          uniq_crazy_yiuf_cottage

Skill      XL: |  1  2  3  4  5  6  7  8  9 |
---------------+----------------------------+-----
Long Blades    | 2 3 4 7 8 |  8.5
Armour         | 3 4 5 6 |  6.4
Shields        | 3 4 6 |  6.5
Dodging        | 1 2 5 |  5.6
Maces & Flails | 1 2 5 |  5.6
Fighting       | 4 6 7 |  7.1

Action                   |  1- 3 |  4- 6 |  7- 9 | 10-12 || total
-------------------------+-------+-------+-------+-------++-------
Melee: Long sword        |    79 |   135 |   188 |    48 ||   450
       Kick              |     8 |    35 |    67 |    16 ||   126
  Use: Scroll            |     7 |     2 |     4 |       ||    13
       Potion            |       |     2 |     3 |     1 ||     6
Armor: Scale mail        |    14 |     4 |    64 |     7 ||    89
       Chain mail        |    76 |   105 |       |       ||   181
Dodge: Dodged            |    30 |    27 |    56 |     5 ||   118
       Repelled          |     1 |       |     1 |     1 ||     3
Block: Kite shield       |    52 |   100 |   121 |    18 ||   291
       Rpst.: Long sword |    12 |     6 |    16 |     1 ||    35

Table legend: (Time is in decaauts)
 A = Elapsed time spent in this place.
 B = Non-inter-level travel time spent in this place.
 C = Inter-level travel time spent in this place.
 D = Time resting spent in this place.
 E = Time spent auto-exploring this place.
 F = Levels seen in this place.
 G = Mean time per level.
                   A        B        C        D        E       F      G
               +--------+--------+--------+--------+--------+-----+--------+
         Total |   6709 |   6545 |    164 |   1218 |   4128 |   6 | 1118.2 |
       Dungeon |   6709 |   6545 |    164 |   1218 |   4128 |   6 | 1118.2 |
               +--------+--------+--------+--------+--------+-----+--------+

Top non-repeatable levels by time:
     D:4: 1804 daAuts
     D:5: 1310 daAuts
     D:1: 1076 daAuts
     D:6: 1002 daAuts
     D:3: 876 daAuts
     D:2: 640 daAuts
